AoeStats
← 潜水吧!奈亚子

Arabia

508560421Analyzed
1v1 RM · 9d ago on Sep 23, 2026· 27m 9s· 2 players
Game mode
Random Map
Map size
Tiny (2 player)
Population
200
Speed
Normal
Resources
Standard
Victory
Conquest
Starting age
Dark Age
Ending age
Imperial Age
RankedLock teamsTeams togetherTeam positionsShared explorationLock speedFull tech treeHidden civsTurbo modeCheats
Victory
Defeat
🇨🇳 Vikings · China
1019
+15
🇺🇸 Japanese · United States
1000
-45
muhammad's 9 yr old wife
9:28 Loom
12:02 Feudal Age
13:20 Horse Collar
14:24 Forging
15:38 Man-at-Arms
16:34 Fletching
16:52 Scale Barding Armor
17:09 Double-Bit Axe
18:52 Scale Mail Armor
19:57 Wheelbarrow
21:28 Gold Mining
22:17 Fletching
22:27 Padded Archer Armor
27:41 Castle Age
25:36 Stone Mining
潜水吧!奈亚子
6:48 Loom
7:28 Loom
10:06 Feudal Age
10:51 Double-Bit Axe
12:11 Horse Collar
15:02 Man-at-Arms
17:23 Scale Mail Armor
22:54 Castle Age
21:30 Gold Mining
22:04 Forging
24:10 Chain Mail Armor
25:15 Squires
26:06 Heavy Plow
27:05 Arson
28:06 Iron Casting
Connection lost

Rejoining the realm…

Still unreachable

The connection could not be restored.

Session expired

The server has moved on; the page needs a fresh start.